 Dungeon Crawl Stone Soup version 0.30-a0-626-gd6a5dd7a1f (webtiles) character file.

Game seed: 15926799705751757862

64 funkygono the Firebug (level 4, -1/24 HPs)
             Began as a Gargoyle Fire Elementalist on Jan 11, 2023.
             Slain by Sigmund
             ... wielding a +0 scythe
              (10 damage)
             ... on level 2 of the Dungeon.
             The game lasted 00:02:21 (1311 turns).

funkygono the Firebug (Gargoyle Fire Elementalist)  Turns: 1311, Time: 00:02:22

Health: -1/24      AC:  5    Str: 11    XL:     4   Next: 12%
Magic:  1/8        EV: 12    Int: 18    God:
Gold:   62         SH:  0    Dex: 10    Spells: 2/8 levels left

rFire   . . .      SeeInvis .    l - +0 whip
rCold   . . .      Faith    .    (no shield)
rNeg    + . .      Spirit   .    a - +0 robe
rPois   ∞          Reflect  .    (no helmet)
rElec   +          Harm     .    h - scarf {+Inv}
rCorr   .          Rampage  .    (no gloves)
Will    .....                    (no boots)
Stlth   ++                       (no amulet)
HPRegen 0.24/turn                (no ring)
MPRegen 0.11/turn                (no ring)

@: no status effects
A: sickness immunity, AC +3, negative energy resistance 1, electricity
resistance, torment resistance 1, petrification resistance
a: Evoke Invisibility


You were on level 2 of the Dungeon.
You visited 1 branch of the dungeon, and saw 2 of its levels.

You collected 62 gold pieces.

Inventory:

Hand Weapons
 l - a +0 whip (weapon)
Armour
 a - a +0 robe (worn)
 h - a scarf of invisibility (worn)
Scrolls
 d - a scroll of summoning {unknown}
 e - a scroll of fear {unknown}
 f - a scroll of enchant weapon {unknown}
 g - a scroll of identify {unknown}
 i - a scroll of immolation {unknown}
 k - a scroll of teleportation {unknown}
Potions
 b - a potion of magic
 c - a potion of lignification {unknown}
 j - a potion of attraction {unknown}


   Skills:
 + Level 1.9 Dodging
 - Level 2.1 Stealth
 + Level 2.6 Spellcasting
 + Level 1.3 Conjurations
 + Level 4.1 Fire Magic


You had 2 spell levels left.
You knew the following spells:

 Your Spells              Type           Power      Damage    Failure   Level
a - Foxfire               Conj/Fire      48%        2x1d6     5%          1
b - Scorch                Fire           34%        2d6       4%          2
c - Kindle Blastsparks    Fire/Tloc/Air  14%        2d11      28%         3

Your spell library contained the following spells:

 Spells                   Type           Power      Damage    Failure   Level
 Inner Flame              Hex/Fire       9%         N/A       22%         3
 Flame Wave               Conj/Fire      12%        2d6       50%         4


Dungeon Overview and Level Annotations

Branches:
Dungeon (2/15)

Altars:

Annotations:
D:2 Sigmund


Innate Abilities, Weirdness & Mutations

You are immune to sickness and miasma.
Your stone body is resilient. (AC +3)
You are immune to poison.
You resist negative energy. (rN+)
You are resistant to electric shocks. (rElec)
You are resistant to unholy torment.
You are immune to petrification.


Message History

Casting: Foxfire (safe; 5% risk of failure)
Confirm with . or Enter, or press ? or * to list all spells.
You conjure some foxfire!
The foxfire hits Sigmund.
Sigmund is heavily wounded.
The foxfire hits Sigmund.
Sigmund is heavily wounded.
Casting: Foxfire (safe; 5% risk of failure)
Confirm with . or Enter, or press ? or * to list all spells.
You conjure some foxfire!
The foxfire hits Sigmund.
Sigmund is heavily wounded.
Casting: Foxfire (safe; 5% risk of failure)
Confirm with . or Enter, or press ? or * to list all spells.
You conjure some foxfire!
The foxfire hits Sigmund.
Sigmund is severely wounded.
The foxfire hits Sigmund.
Sigmund is severely wounded.
Sigmund casts a spell.
Sigmund flickers and vanishes!
Deactivating autopickup; reactivate with Ctrl-A.
Casting: Foxfire (safe; 5% risk of failure)
Confirm with . or Enter, or press ? or * to list all spells.
You don't have enough magic to cast this spell.
Unknown command.
The foxfire hits something. x3
You hear some strange, mumbled words.
You are confused.
Something hits you.
You're too confused to move!
The goblin hits you but does no damage. Something hits you.
You're too confused to cast spells.
Okay, then.
Okay, then.
You're too confused to cast spells.
The goblin attacks as you move away! The goblin closely misses you.
Unknown command.
The goblin hits you with a +0 club. Something hits you!
You feel less confused. The goblin hits you but does no damage.
Something hits you!
You die...

#.......#..# ##### .#
#.......#..# .#
#.......#..###### .#
#......)........####.###
#......)#..####.........
#..........>.........###.#
#..)....#..####..#........
#.####..#......g......†...
#.........#####@.#.#####.#
######..#.#####..#.#####.
#...........>........
####.....############
#######


You could see a goblin.

Vanquished Creatures
  2 adders (D:2)
  A worm (D:2)
  2 dart slugs (D:1)
  6 endoplasms (D:1)
  4 giant cockroaches (D:1)
  4 goblins (D:1)
  2 hobgoblins (D:1)
  4 jackals (D:1)
  5 ball pythons
  3 bats (D:1)
  A frilled lizard (D:1)
  A kobold (D:1)
35 creatures vanquished.

Vanquished Creatures (others)
  108 foxfires
108 creatures vanquished.

Grand Total: 143 creatures vanquished

Notes
Turn   | Place    | Note
-------+----------+-------------------------------------------
     0 | D:1      | funkygono the Gargoyle Fire Elementalist began the quest
                  | for the Orb.
     0 | D:1      | Reached XP level 1. HP: 10/10 MP: 3/3
   105 | D:1      | Found a faded altar of an unknown god.
   138 | D:1      | Reached XP level 2. HP: 14/15 MP: 1/5
   141 | D:1      | Learned a level 2 spell: Scorch
   636 | D:1      | Reached XP level 3. HP: 19/19 MP: 2/6
   640 | D:1      | Learned a level 3 spell: Kindle Blastsparks
  1177 | D:2      | Reached skill level 4 in Fire Magic
  1212 | D:2      | Reached XP level 4. HP: 24/24 MP: 3/7
  1294 | D:2      | Noticed Sigmund
  1311 | D:2      | Slain by Sigmund

Illustrated notes

Levels and vault maps discovered:
D:1:      dpeg_arrival_simpleton_c, layout_basic,
          nicolae_ecumenical_snake_handling, minmay_statues_item
D:2:      minmay_diamond_boxcup, layout_loops_ring,
          chequers_hall_statues_wall_a, minmay_tetromino_t4, uniq_sigmund

Skill      XL: |  1  2  3 |
---------------+----------+-----
Fire Magic     | 4 |  4.1
Dodging        | |  1.9
Stealth        | |  2.1
Spellcasting   | |  2.6
Conjurations   | |  1.3

Action                   |  1- 3 |  4- 6 || total
-------------------------+-------+-------++-------
Melee: Unarmed           |    10 |       ||    10
       Club              |     1 |       ||     1
 Cast: Foxfire           |    56 |     7 ||    63
       Scorch            |     3 |       ||     3
Armor: Robe              |     6 |     2 ||     8
Dodge: Dodged            |    10 |     1 ||    11

Table legend: (Time is in decaauts)
 A = Elapsed time spent in this place.
 B = Non-inter-level travel time spent in this place.
 C = Inter-level travel time spent in this place.
 D = Time resting spent in this place.
 E = Time spent auto-exploring this place.
 F = Levels seen in this place.
 G = Mean time per level.
                   A        B        C        D        E       F      G
               +--------+--------+--------+--------+--------+-----+--------+
         Total |   1310 |   1292 |     18 |     35 |    998 |   2 |  655.0 |
       Dungeon |   1310 |   1292 |     18 |     35 |    998 |   2 |  655.0 |
               +--------+--------+--------+--------+--------+-----+--------+

Top non-repeatable levels by time:
     D:1: 1101 daAuts
     D:2: 208 daAuts
